 Dungeon Crawl Stone Soup version 0.30-a0-390-g80c34de65d (webtiles) character file.

Game seed: 12857513253285609313

14964 arthad the Protected (level 12, -3/94 HPs)
             Began as a Gnoll Wanderer on Dec 4, 2022.
             Was an Initiate of Gozag.
             Slain by Fannar
             ... wielding a staff of cold
              (4 damage)
             ... on level 12 of the Dungeon.
             The game lasted 00:52:30 (14152 turns).

arthad the Protected (Gnoll Wanderer)              Turns: 14152, Time: 00:52:31

Health: -3/94      AC: 27    Str: 20    XL:     12   Next: 22%
Magic:  32/32      EV:  5    Int: 11    God:    Gozag
Gold:   159        SH: 10    Dex: 15    Spells: 24/25 levels left

rFire   + + .      SeeInvis .    L - +0 war axe (flame)
rCold   + + .      Faith    .    O - +0 kite shield
rNeg    . . .      Spirit   .    u - +2 gold dragon scales
rPois   +          Reflect  .    m - +1 helmet
rElec   +          Harm     .    I - scarf {shadows}
rCorr   +          Rampage  .    o - +1 pair of gloves "Cemerag" {rCorr}
Will    .....                    M - +0 pair of boots
Stlth   ..........               E - amulet of the acrobat
HPRegen 0.35/turn                p - +6 ring of dexterity
MPRegen 0.23/turn                H - ring of magical power

@: silenced, resistant, gold aura, hasted and slowed
A: fangs 1, strong nose, distributed training
a: Renounce Religion


You were on level 12 of the Dungeon.
You worshipped Gozag.
Gozag was aware of your devotion.
You visited 2 branches of the dungeon, and saw 13 of its levels.
You also visited: Bailey.

You collected 2133 gold pieces.
You spent 1429 gold pieces at shops.
You paid 545 gold pieces to Gozag.

Inventory:

Hand Weapons
 a - a +0 dagger
 g - a +0 war axe
 n - a +0 vampiric halberd
 q - a +2 shortbow of flaming
 t - a +2 vorpal flail
 D - the +1 great sword of Plog {speed, Dex+3}
   (You found it on level 12 of the Dungeon)

   Attacks with this weapon are significantly faster.
   Dex:       It affects your dexterity (+3).
 K - a +1 battleaxe
 L - a +0 war axe of flaming (weapon)
Missiles
 c - 44 poisoned darts (quivered)
 y - a boomerang of dispersal
 X - 4 throwing nets
Armour
 j - a +0 hat of willpower
 m - a +1 helmet (worn)
 o - the +1 pair of gloves "Cemerag" (worn) {rCorr}
   (You bought it in a shop on level 12 of the Dungeon)

   rCorr:     It protects you from acid and corrosion.
 u - +2 gold dragon scales (worn)
 I - a scarf of shadows (worn)
 M - a +0 pair of boots (worn)
 O - a +0 kite shield (worn)
 Q - the +1 leather armour of Runa {+Inv Regen+ Int+4 Dex+3}
   (You found it in a bailey)

   Int:       It affects your intelligence (+4).
   Dex:       It affects your dexterity (+3).
   +Inv:      It lets you turn invisible.
   Regen:     It increases your rate of health regeneration.
 R - the +2 robe "Joshro" {Fly rC+++ Int-3 Archmagi}
   (You found it in a bailey)

   Int:       It affects your intelligence (-3).
   rC:        It renders you almost immune to cold.
   Fly:       It grants you flight.
   Archmagi:  It increases the power of your magical spells.
 T - a +10 plate armour of ponderousness
Magical Staves
 W - a staff of air
Jewellery
 p - a +6 ring of dexterity (left hand)
 E - an amulet of the acrobat (around neck)
 H - a ring of magical power (right hand)
Wands
 r - a wand of paralysis (2)
 v - a wand of digging (8)
 G - a wand of mindburst (1)
Scrolls
 h - 2 scrolls of identify
 i - a scroll of torment
 k - 6 scrolls of teleportation
 w - a scroll of butterflies
 x - a scroll of magic mapping
 z - a scroll of noise
 B - a scroll of blinking
 C - a scroll of poison
 J - 3 scrolls of amnesia
 N - 2 scrolls of enchant weapon
 V - a scroll of brand weapon
 Y - 2 scrolls of fear
Potions
 b - 5 potions of attraction
 f - 2 potions of degeneration
 l - 3 potions of haste
 s - a potion of brilliance
 A - 3 potions of mutation
Miscellaneous
 d - a phantom mirror (inert)


   Skills:
 + Level 8.7 Fighting
 + Level 7.3 Short Blades
 + Level 7.3 Long Blades
 + Level 7.3 Axes
 + Level 7.3 Maces & Flails
 + Level 7.3 Polearms
 + Level 7.3 Staves
 + Level 7.3 Ranged Weapons
 + Level 8.7 Throwing
 + Level 12.6 Armour
 + Level 7.8 Dodging
 + Level 7.3 Stealth
 + Level 7.3 Shields
 + Level 7.3 Unarmed Combat
 + Level 7.3 Spellcasting
 + Level 6.1 Conjurations
 + Level 6.1 Hexes
 + Level 6.1 Summonings
 + Level 6.1 Necromancy
 + Level 6.1 Translocations
 + Level 6.1 Transmutations
 + Level 6.1 Fire Magic
 + Level 6.1 Ice Magic
 + Level 6.1 Air Magic
 + Level 6.1 Earth Magic
 + Level 6.1 Poison Magic
 + Level 8.0 Invocations
 + Level 7.3 Evocations


You had 24 spell levels left.
You knew the following spells:

 Your Spells              Type           Power      Damage    Failure   Level
a - Foxfire               Conj/Fire      68%        2x1d7     95%         1

Your spell library contained the following spells:

 Spells                   Type           Power      Damage    Failure   Level
 Apportation              Tloc           34%        N/A       95%         1
 Shock                    Conj/Air       68%        1d7       95%         1
 Slow                     Hex            68%        N/A       95%         1
 Blink                    Tloc           34%        N/A       98%         2
 Momentum Strike          Conj/Tloc      34%        3d8       98%         2
 Confusing Touch          Hex            17%        N/A       100%        3
 Lesser Beckoning         Tloc           34%        N/A       100%        3
 Ozocubu's Armour         Ice            17%        N/A       100%        3
 Swiftness                Air            17%        N/A       100%        3
 Vampiric Draining        Necr           17%        2d7       100%        3
 Vhi's Electric Charge    Tloc/Air       34%        N/A       100%        3
 Airstrike                Air            8%         2d(2-18)  100%        4
 Anguish                  Hex/Necr       8%         N/A       100%        4
 Passage of Golubria      Tloc           17%        N/A       100%        4
 Alistair's Intoxication  Tmut/Pois      11%        N/A       100%        5
 Arcjolt                  Conj/Air       8%         1d18      100%        5
 Iskenderun's Battlesphe  Conj           17%        2d7       100%        5
 Silence                  Hex/Air        8%         N/A       100%        5
 Summon Forest            Summ/Tloc      8%         N/A       100%        5
 Eringya's Noxious Bog    Tmut/Pois      8%         N/A       100%        6
 Iron Shot                Conj/Erth      8%         9d3       100%        6
 Enfeeble                 Hex            8%         N/A       100%        7
 Ozocubu's Refrigeration  Ice            8%         4d9       100%        7
 Spellforged Servitor     Conj/Summ      8%         N/A       100%        7
 Summon Hydra             Summ           8%         N/A       100%        7
 Lehudib's Crystal Spear  Conj/Erth      8%         10d4      100%        8
 Maxwell's Capacitive Co  Air            8%         ∞         100%        8


Dungeon Overview and Level Annotations

Branches:
Dungeon (12/15)            Temple (1/1) D:7            Lair (0/5) D:8
    Orc (0/2) D:9          Bailey (visited)

Altars:
Ashenzari
Cheibriados
Dithmenos
Elyvilon
Fedhas
Gozag
Hepliaklqana
Kikubaaqudgha
Makhleb
Nemelex Xobeh
Okawaru
Qazlal
Ru
Sif Muna
Trog
Uskayaw
Vehumet
Wu Jian
Xom
Yredelemnul
Zin
The Shining One
Jiyva

Shops:
D:3 [   D:4 *   D:10 *   D:12 [

Annotations:
D:9 exclusion: orange crystal statue
D:12 Fannar


Innate Abilities, Weirdness & Mutations

You have very sharp teeth.
Your uncanny sense of smell can sniff out nearby items.
Your experience applies equally to all skills.


Message History

Fannar is heavily wounded.
You slash the wraith! You burn the wraith. Fannar barely misses you.
The wraith is distracted by your dazzling golden aura.
You miss Fannar. You bite Fannar, but do no damage.
Fannar is heavily wounded.
You hit the wraith but do no damage.
The wraith is no longer distracted by gold.
Fannar hits you with a staff of cold.
* * * LOW HITPOINT WARNING * * *
Fannar freezes you.
* * * LOW HITPOINT WARNING * * *
You block the wraith's attack. Fannar hits you but does no damage.
Fannar freezes you.
* * * LOW HITPOINT WARNING * * *
The wraith barely misses you.
Unknown command.
You feel better. Fannar hits you but does no damage. Fannar freezes you.
* * * LOW HITPOINT WARNING * * *
You block the wraith's attack.
Unknown command.
Unknown command.
You feel protected. You block Fannar's attack. The wraith barely misses you.
You feel yourself speed up. Fannar hits you but does no damage.
Fannar freezes you.
* * * LOW HITPOINT WARNING * * *
The wraith barely misses you.
You closely miss Fannar.
Fannar is heavily wounded.
You closely miss the wraith. You block Fannar's attack. The wraith hits you.
* * * LOW HITPOINT WARNING * * *
The wraith drains your vigour!
You feel yourself slow down.
Unknown command.
Unknown command.
You hit Fannar but do no damage. Your bite misses Fannar.
Fannar is heavily wounded.
You closely miss the wraith. Fannar hits you but does no damage.
Fannar freezes you.
You die...
Your body crumbles into a pile of gold.

... ..................
...... ###..............
...... ##.............
.).... #.............
......## ##.....#.......
.......###.....###....##
......$(........#.....#
.......e..............##
.......@W...............
........................
>........................
.........................
.........................
.........................
.........................
.......................##
.................#.....#


You could see Fannar and a wraith.

Vanquished Creatures
  Gastronok (D:8)
  3 two-headed ogres
  A boulder beetle (D:11)
  A skeletal warrior (D:11)
  3 manticores
  An elephant (D:9)
  2 gargoyles
  A kobold demonologist (D:10)
  3 unseen horrors
  3 trolls
  Prince Ribbit (D:8)
  12 yaks (D:11)
  3 wyverns
  A vampire (Bailey)
  A steam dragon (D:9)
  A basilisk (D:8)
  3 vampire mosquitoes
  2 acid dragons
  3 orc warriors
  A black bear (D:8)
  An ice beast (D:6)
  3 sky beasts
  4 centaurs
  3 ogres
  2 kobold brigands
  A necrophage (D:7)
  Blork the orc (D:6)
  5 bullfrogs
  3 gnoll sergeants
  3 scorpions (D:6)
  8 vampire bats (Bailey)
  4 howler monkeys
  6 wolf zombies (Bailey)
  3 hounds
  4 jellies (D:8)
  A gnoll bouda (D:5)
  6 iguanas
  8 orc wizards
  6 adders
  13 gnolls
  A shadow imp (D:6)
  A white imp (D:8)
  3 ufetubi
  3 worms
  3 dart slugs
  26 orcs
  6 ball pythons
  8 bats
  5 endoplasms
  3 giant cockroaches
  11 goblins
  9 hobgoblins
  22 kobolds
  2 quokkas
  7 frilled lizards
  24 orc zombies (Bailey)
  4 rats
  A bush (D:10)
271 creatures vanquished.

Vanquished Creatures (others)
  10 foxfires
  A fungus (D:8)
11 creatures vanquished.

Grand Total: 282 creatures vanquished

Notes
Turn   | Place    | Note
-------+----------+-------------------------------------------
     0 | D:1      | Reached skill level 10 in Armour
     0 | D:1      | arthad the Gnoll Wanderer began the quest for the Orb.
     0 | D:1      | arthad set off with the following items: a +0 dagger, a
                  | potion of attraction, 10 poisoned darts, a +2 scale mail, a
                  | potion of curing.
     0 | D:1      | Reached XP level 1. HP: 20/20 MP: 1/1
   190 | D:1      | Reached XP level 2. HP: 26/26 MP: 2/2
   341 | D:1      | Reached XP level 3. HP: 30/31 MP: 3/3
   589 | D:1      | Reached skill level 1 in Invocations
   969 | D:2      | Reached skill level 1 in Short Blades
   969 | D:2      | Reached skill level 1 in Long Blades
   969 | D:2      | Reached skill level 1 in Axes
   969 | D:2      | Reached skill level 1 in Maces & Flails
   969 | D:2      | Reached skill level 1 in Polearms
   969 | D:2      | Reached skill level 1 in Staves
   969 | D:2      | Reached skill level 1 in Ranged Weapons
   969 | D:2      | Reached skill level 1 in Stealth
   969 | D:2      | Reached skill level 1 in Shields
   969 | D:2      | Reached skill level 1 in Unarmed Combat
   969 | D:2      | Reached skill level 1 in Spellcasting
   969 | D:2      | Reached skill level 1 in Evocations
  1311 | D:2      | Reached XP level 4. HP: 31/38 MP: 5/5
  1561 | D:2      | Found a faded altar of an unknown god.
  1570 | D:2      | Got Plato's Octavo of the Volcanoes
  1783 | D:3      | Reached skill level 1 in Conjurations
  1783 | D:3      | Reached skill level 1 in Hexes
  1783 | D:3      | Reached skill level 1 in Summonings
  1783 | D:3      | Reached skill level 1 in Necromancy
  1783 | D:3      | Reached skill level 1 in Translocations
  1783 | D:3      | Reached skill level 1 in Transmutations
  1783 | D:3      | Reached skill level 1 in Fire Magic
  1783 | D:3      | Reached skill level 1 in Ice Magic
  1783 | D:3      | Reached skill level 1 in Air Magic
  1783 | D:3      | Reached skill level 1 in Earth Magic
  1783 | D:3      | Reached skill level 1 in Poison Magic
  1888 | D:3      | Found Xymidic's Armour Shoppe.
  2475 | D:4      | Reached XP level 5. HP: 43/43 MP: 7/7
  2504 | D:4      | Learned a level 1 spell: Foxfire
  3082 | D:4      | Found Aradd's Elemental Accessories.
  3109 | D:4      | Found a shimmering blue altar of Sif Muna.
  3226 | D:5      | Entered Level 5 of the Dungeon
  3373 | D:5      | Reached XP level 6. HP: 50/50 MP: 8/8
  3384 | D:5      | Reached skill level 5 in Fighting
  3384 | D:5      | Reached skill level 5 in Throwing
  3570 | D:5      | Reached XP level 7. HP: 56/56 MP: 10/10
  3818 | D:5      | Found an ornate altar of the Wu Jian Council.
  4708 | D:6      | Found a hide-covered altar of Uskayaw.
  4854 | D:6      | Noticed Blork the orc
  4863 | D:6      | Reached XP level 8. HP: 56/63 MP: 12/12
  4864 | D:6      | Killed Blork the orc
  5190 | D:6      | Found a white marble altar of Elyvilon.
  5278 | D:6      | Reached skill level 11 in Armour
  5620 | D:7      | Found a staircase to the Ecumenical Temple.
  5683 | Temple   | Entered the Ecumenical Temple
  5777 | Temple   | Became a worshipper of Gozag Ym Sagoz the Greedy
  6262 | D:7      | Killed an unseen horror
  6263 | D:7      | Reached XP level 9. HP: 47/69 MP: 13/15
  6720 | D:8      | Reached skill level 5 in Dodging
  6787 | D:8      | Found a flagged portal.
  6800 | Bailey   | Entered a bailey
  7203 | Bailey   | Reached skill level 5 in Invocations
  7240 | Bailey   | Noticed a gargoyle
  7246 | Bailey   | Killed a gargoyle
  7322 | Bailey   | HP: 2/71 [orc warrior zombie/+0 trident (12)]
  7617 | Bailey   | Identified the +1 leather armour of Runa {+Inv Regen+ Int+4
                  | Dex+3}
  7645 | Bailey   | Identified the +2 robe "Joshro" {Fly rC+++ Int-3 Archmagi}
  7732 | D:8      | Noticed an elephant
  7740 | D:8      | Noticed Prince Ribbit
  7741 | D:8      | Reached skill level 5 in Short Blades
  7741 | D:8      | Reached skill level 5 in Long Blades
  7741 | D:8      | Reached skill level 5 in Axes
  7741 | D:8      | Reached skill level 5 in Maces & Flails
  7741 | D:8      | Reached skill level 5 in Polearms
  7741 | D:8      | Reached skill level 5 in Staves
  7741 | D:8      | Reached skill level 5 in Ranged Weapons
  7741 | D:8      | Reached skill level 5 in Stealth
  7741 | D:8      | Reached skill level 5 in Shields
  7741 | D:8      | Reached skill level 5 in Unarmed Combat
  7741 | D:8      | Reached skill level 5 in Spellcasting
  7741 | D:8      | Reached skill level 5 in Evocations
  7741 | D:8      | Reached XP level 10. HP: 68/77 MP: 17/17
  7772 | D:9      | Killed an elephant
  8010 | D:9      | Found a sacrificial altar of Ru.
  8097 | D:9      | Found a staircase to the Orcish Mines.
  8263 | D:8      | Noticed Gastronok
  8277 | D:8      | Killed Gastronok
  8281 | D:8      | Killed Prince Ribbit
  8913 | D:8      | Found a staircase to the Lair.
  8973 | D:8      | Found a viscous altar of Jiyva.
  9196 | D:9      | Reached skill level 12 in Armour
  9396 | D:9      | Identified the +1 robe of Vehumet's Envy {Str+2}
  9409 | D:9      | Reached skill level 5 in Conjurations
  9409 | D:9      | Reached skill level 5 in Hexes
  9409 | D:9      | Reached skill level 5 in Summonings
  9409 | D:9      | Reached skill level 5 in Necromancy
  9409 | D:9      | Reached skill level 5 in Translocations
  9409 | D:9      | Reached skill level 5 in Transmutations
  9409 | D:9      | Reached skill level 5 in Fire Magic
  9409 | D:9      | Reached skill level 5 in Ice Magic
  9409 | D:9      | Reached skill level 5 in Air Magic
  9409 | D:9      | Reached skill level 5 in Earth Magic
  9409 | D:9      | Reached skill level 5 in Poison Magic
  9409 | D:9      | Reached XP level 11. HP: 42/85 MP: 20/20
  9552 | D:9      | Noticed an orange crystal statue
  9555 | D:9      | Noticed a two-headed ogre
  9572 | D:9      | Paralysed by a hornet for 3 turns
  9579 | D:10     | Entered Level 10 of the Dungeon
  9579 | D:10     | Noticed a manticore
  9637 | D:10     | Killed a manticore
 10024 | D:10     | Found a blossoming altar of Fedhas.
 10273 | D:10     | Found Unyanyim's Assorted Antiques.
 10273 | D:10     | Noticed a two-headed ogre
 10295 | D:10     | Killed a two-headed ogre
 10953 | D:11     | Noticed a two-headed ogre
 10962 | D:11     | Killed a two-headed ogre
 11096 | D:11     | Noticed a boulder beetle
 11139 | D:11     | Killed a boulder beetle
 11719 | D:11     | Noticed a skeletal warrior
 11720 | D:11     | Noticed a skeletal warrior
 11721 | D:11     | Noticed a skeletal warrior
 12058 | D:11     | Killed a skeletal warrior
 13050 | D:12     | Noticed a manticore
 13078 | D:11     | Reached XP level 12. HP: 22/94 MP: 22/22
 13409 | D:12     | Bought +0 gold dragon scales for 1120 gold pieces
 13421 | D:12     | Bought the +1 pair of gloves "Cemerag" {rCorr} for 309 gold
                  | pieces
 13927 | D:12     | Noticed a two-headed ogre
 13935 | D:12     | Killed a two-headed ogre
 14056 | D:12     | Identified the +1 great sword of Plog {speed, Dex+3}
 14128 | D:12     | Noticed Fannar
 14151 | D:12     | HP: 1/94 [wraith (5)]
 14152 | D:12     | Slain by Fannar

Illustrated notes

Levels and vault maps discovered:
D:1:      psy_arrival_terrarium, layout_loops_corners, minmay_domino_2
D:2:      layout_basic, shapermc_ecumenical_altar_rom_forum
D:3:      layout_basic, serial_shops, nicolae_diamond_shop,
          kennysheep_generic_room_10
D:4:      layout_basic, lemuel_blue_sif_altar, st_stairs_11,
          nicolae_elemental_shop, hangedman_abyss_or_decor_stabs,
          hangedman_decor_opposing, kennysheep_generic_room_5
D:5:      layout_cave_pods, lemuel_round_altar
D:6:      layout_basic, kennysheep_little_box, elyvilon_altar_3,
          uniq_blork_the_orc
D:7:      layout_cave_pods, minmay_temple_entry_arrows
D:8:      layout_cave_pools, david_lair_generic, enter_bailey_5, jiyva_altar_1,
          uniq_gastronok, uniq_prince_ribbit1
D:9:      layout_layer_cave, nicolae_ru_great_annihilating_truth, orc_0_dummy,
          minmay_protected_statue
D:10:     layout_loops_cross, fedhas_bush_and_centaur_altar,
          kennysheep_windowed_goal
D:11:     layout_stronghold
D:12:     layout_big_octagon, uniq_fannar
Temple:   nicolae_temple_superstar

Skill      XL: |  1  2  3  4  5  6  7  8  9 10 11 12 |
---------------+-------------------------------------+-----
Armour         | 11 12 | 12.6
Invocations    | 1 2 3 4 5 6 7 8 |  8.0
Short Blades   | 1 2 3 4 5 6 7 |  7.3
Long Blades    | 1 2 3 4 5 6 7 |  7.3
Axes           | 1 2 3 4 5 6 7 |  7.3
Maces & Flails | 1 2 3 4 5 6 7 |  7.3
Polearms       | 1 2 3 4 5 6 7 |  7.3
Staves         | 1 2 3 4 5 6 7 |  7.3
Ranged Weapons | 1 2 3 4 5 6 7 |  7.3
Stealth        | 1 2 3 4 5 6 7 |  7.3
Shields        | 1 2 3 4 5 6 7 |  7.3
Unarmed Combat | 1 2 3 4 5 6 7 |  7.3
Spellcasting   | 1 2 3 4 5 6 7 |  7.3
Evocations     | 1 2 3 4 5 6 7 |  7.3
Conjurations   | 1 2 3 4 5 6 |  6.1
Hexes          | 1 2 3 4 5 6 |  6.1
Summonings     | 1 2 3 4 5 6 |  6.1
Necromancy     | 1 2 3 4 5 6 |  6.1
Translocations | 1 2 3 4 5 6 |  6.1
Transmutations | 1 2 3 4 5 6 |  6.1
Fire Magic     | 1 2 3 4 5 6 |  6.1
Ice Magic      | 1 2 3 4 5 6 |  6.1
Air Magic      | 1 2 3 4 5 6 |  6.1
Earth Magic    | 1 2 3 4 5 6 |  6.1
Poison Magic   | 1 2 3 4 5 6 |  6.1
Dodging        | 3 4 5 6 7 |  7.8
Fighting       | 5 6 7 8 |  8.7
Throwing       | 5 6 7 8 |  8.7

Action                   |  1- 3 |  4- 6 |  7- 9 | 10-12 || total
-------------------------+-------+-------+-------+-------++-------
Melee: War axe           |   128 |   133 |   320 |   419 ||  1000
       Bite              |    13 |    13 |    39 |    71 ||   136
       Punch             |       |     1 |     5 |       ||     6
Throw: Dart              |       |    10 |    11 |    36 ||    57
 Cast: Foxfire           |       |     5 |       |       ||     5
Invok: Call Merchant     |       |       |       |     1 ||     1
Evoke: Wand              |       |       |    10 |    20 ||    30
       Phantom mirror    |       |       |       |     1 ||     1
  Use: Scroll            |       |       |    12 |    18 ||    30
       Potion            |       |       |     6 |    17 ||    23
 Stab: Distracted        |       |       |     3 |     3 ||     6
       Paralysed         |       |       |     3 |    13 ||    16
       Invisible         |       |       |     1 |     1 ||     2
       Sleeping          |       |       |       |     3 ||     3
Armor: Scale mail        |    80 |    87 |   215 |   260 ||   642
       Skin              |       |       |       |    13 ||    13
       Gold dragon scale |       |       |       |    93 ||    93
Dodge: Dodged            |    92 |    85 |   230 |   251 ||   658
Block: Kite shield       |       |       |    97 |   304 ||   401

Table legend: (Time is in decaauts)
 A = Elapsed time spent in this place.
 B = Non-inter-level travel time spent in this place.
 C = Inter-level travel time spent in this place.
 D = Time resting spent in this place.
 E = Time spent auto-exploring this place.
 F = Levels seen in this place.
 G = Mean time per level.
                   A        B        C        D        E       F      G
               +--------+--------+--------+--------+--------+-----+--------+
         Total |  14521 |  14207 |    314 |   2444 |   8627 |  14 | 1037.2 |
       Dungeon |  13426 |  13129 |    297 |   2137 |   8250 |  12 | 1118.8 |
        Temple |    112 |     95 |     17 |      0 |     75 |   1 |  112.0 |
        Bailey |    981 |    981 |      0 |    307 |    302 |   1 |  981.0 |
               +--------+--------+--------+--------+--------+-----+--------+

Top non-repeatable levels by time:
    D:11: 2502 daAuts
    D:10: 1533 daAuts
     D:6: 1223 daAuts
     D:5: 1127 daAuts
     D:8: 1120 daAuts
     D:7: 1092 daAuts
     D:1: 989 daAuts
  Bailey: 981 daAuts
     D:9: 890 daAuts
     D:2: 835 daAuts
     D:4: 815 daAuts
     D:3: 687 daAuts
    D:12: 607 daAuts
  Temple: 112 daAuts
